Workbook

Sheet 表紙
A1: 【様式15】
A14: 久留米競輪場再整備に係る施工予定者選定公募型プロポーザル ＶＥ提案採用後概算工事費見積内訳書
C40: 所在地
C41: 商号又は名称
C42: 代表者氏名 | K42: 印

Sheet A.概算工事費見積　ステップ区分表
B1: 概算工事費見積 ステップ区分表
B3: 通し番号 | C3: 配置図 番号 | D3: 名称 | E3: 規格・寸法 | F3: 数量 | G3: 単位 | I3: 備考
H4: 概算工事費 （円）
B5: Ⅰ-1 | D5: ステップ１ | F5: 1 | G5: 式
D6: 仮設・改修工事
B7: 1-1 | C7: C-① | D7: 正源氏プラザ改修 | F7: 1 | G7: 式 | I7: 22.地域サイクルコミュニティセンター
B9: Ⅰ-2 | D9: ステップ２ | F9: 1 | G9: 式
D10: 解体工事
B11: 2-1 | C11: 1 | D11: メイン特別観覧席 | F11: 1 | G11: 式
B12: 2-2 | C12: 2 | D12: メインスタンド、下記者席、実況放送室 | F12: 1 | G12: 式 | I12: 下記者席(2a)、実況放送室(2A)
B13: 2-3 | C13: 3 | D13: バックスタンド | F13: 1 | G13: 式
B14: 2-4 | C14: 3a | D14: バック下特別観覧席 | F14: 1 | G14: 式
B15: 2-5 | C15: 3b | D15: 第5・6発券所 | F15: 1 | G15: 式
B16: 2-6 | C16: 4 | D16: 選手宿舎付近電気室 | F16: 1 | G16: 式
B17: 2-7 | C17: 5 | D17: 審判塔 | F17: 1 | G17: 式
B18: 2-8 | C18: 7 | D18: サイドスタンド（アザレア） | F18: 1 | G18: 式
B19: 2-9 | C19: 8 | D19: 消防員詰所（倉庫） | F19: 1 | G19: 式
B20: 2-10 | C20: 9 | D20: 選手宿舎 | F20: 1 | G20: 式
B21: 2-11 | C21: 10 | D21: 新サイドスタンド・第2券売所 | F21: 1 | G21: 式
B22: 2-12 | C22: 11 | D22: 休憩所（あずまや） | F22: 1 | G22: 式
B23: 2-13 | C23: 14 | D23: メインスタンド付近湯茶接待所 | F23: 1 | G23: 式
B24: 2-14 | C24: 15 | D24: 選手宿舎入口警備詰所 | F24: 1 | G24: 式
B25: 2-15 | C25: 17 | D25: 南門入場券売場 | F25: 1 | G25: 式
B26: 2-16 | C26: 19 | D26: 敢闘門渡り廊下 | F26: 1 | G26: 式
B27: 2-17 | C27: 20 | D27: 管理人宿直室 | F27: 1 | G27: 式
... B49: 2-39 | C49: 57 | D49: バスUターン警備詰所 | F49: 1 | G49: 式
B50: 2-40 | C50: - | D50: 大型映像装置 | F50: 1 | G50: 式 | I50: 屋外(サービスセンター付近)
B51: 2-41 | C51: - | D51: 大型機器撤去 | F51: 1 | G51: 式 | I51: T01.設備機器解体撤去リスト
B52: 2-42 | C52: - | D52: アスベスト除去 | F52: 1 | G52: 式 | I52: T03.アスベスト除去計画図
B54: Ⅰ-3 | D54: ステップ３ | F54: 1 | G54: 式
D55: 新築工事
B56: 3-1 | C56: A-② | D56: 選手宿舎・管理棟 | F56: 1 | G56: 式
B57: 3-2a | C57: A-① | D57: メインスタンド棟 | F57: 1 | G57: 式 | I57: ZEB-Ready対応
B58: 3-3 | C58: A-③ | D58: 食堂棟 | F58: 1 | G58: 式
B59: 3-2b | C59: A-① | D59: メインスタンド大屋根 | F59: 1 | G59: 式 | I59: A09-2-3.地下1階,屋上階平面図(メインスタンド棟)
B60: 3-2c | C60: A-① | D60: 屋外観客席 | F60: 1 | G60: 式 | I60: A09-2-1.1階平面図(メインスタンド棟)
B61: 3-2d | C61: - | D61: 基礎撤去部分埋め戻し土 | F61: 1 | G61: 式 | I61: L11.切土・盛土範囲図
B62: 3-4 | C62: - | D62: 西エリア、東エリア（一部）外構整備 | F62: 1 | G62: 式 | I62: L13.工事ステップ図：西エリア、東エリア（一部）外構整備
B63: 3-5 | C63: A-④ | D63: アマチュア道場 | F63: 1 | G63: 式
B64: 3-6 | C64: A-⑤ | D64: 地元ハードケース置場 | F64: 1 | G64: 式
B65: 3-7 | C65: A-⑥ | D65: 守衛所 | F65: 1 | G65: 式
B67: Ⅰ-4 | D67: ステップ４ | F67: 1 | G67: 式
D68: 解体工事
B69: 4-1 | C69: 6 | D69: 集計センター前売発券所 | F69: 1 | G69: 式
B70: 4-2 | C70: 6a | D70: 旧集計センター | F70: 1 | G70: 式
B71: 4-3 | C71: 12 | D71: 無停電装置室 | F71: 1 | G71: 式
B72: 4-4 | C72: 16 | D72: 選手用自転車置場 | F72: 1 | G72: 式
B73: 4-5 | C73: 18 | D73: 集計センター付近プレハブ倉庫 | F73: 1 | G73: 式
B74: 4-6 | C74: 26 | D74: 地下道 | F74: 1 | G74: 式
B75: 4-7 | C75: 28 | D75: 東門入場券売場・警備員詰所 | F75: 1 | G75: 式
B76: 4-8 | C76: 37 | D76: 東門トイレ | F76: 1 | G76: 式
B77: 4-9 | C77: 41 | D77: 旧集計センター横トイレ | F77: 1 | G77: 式
B78: 4-10 | C78: 49 | D78: 焼却炉（正源氏プラザ付近） | F78: 1 | G78: 式
B79: 4-11 | C79: 50 | D79: 選手宿舎清掃員詰所 | F79: 1 | G79: 式
B80: 4-12 | C80: - | D80: 大型機器撤去 | F80: 1 | G80: 式 | I80: T01.設備機器解体撤去リスト
B81: 4-13 | C81: - | D81: アスベスト除去 | F81: 1 | G81: 式 | I81: T03.アスベスト除去計画図
B83: Ⅰ-5 | D83: ステップ5 | F83: 1 | G83: 式
D84: 外構工事
B85: 5-1 | C85: - | D85: 芝生広場・駐車場整備 | F85: 1 | G85: 式 | I85: L13.工事ステップ図：東側外構整備（正源氏プラザ、集計センターエリア）
B86: 5-2a | C86: - | D86: バンク競技用照明 | F86: 1 | G86: 式 | I86: E03-19-1～3.走行路照明設備構内配電線路図
B87: 5-2b | C87: - | D87: バンク競技用照明基礎 | F87: 1 | G87: 式 | I87: E03-19-1.走行路照明設備構内配電線路図
B88: 5-2c | C88: - | D88: 駐車場外灯 | F88: 1 | G88: 式 | I88: E06-1.構内配電線路（外灯）図

Sheet B.工事費内訳
B1: 工事費内訳 | F1: 1
B2: 【 参 考 内 訳 書 式 】
B4: 名 称 | C4: 数 量 | D4: 単 位 | E4: 金 額 | F4: 備 考
B7: ■本書式に記載のない事項、積算要領については、見積要項書及び見積要項書に示す標準仕様書群等による。標準仕様書群等は最新のものを使用すること。
B9: ・原則、設計図書より数量を算出し計上すること。（一式金額とはせず 数量 X 単価 = 金額 で算出する。）
B10: ・工事請負契約後、内訳書の内容に関わる数量とその根拠について提出を求める場合があります。
B12: 直接工事費
B15: 直接工事費 | F15: 工事種別内訳
C16: 1
D17: 式
B18: 計
B24: 共通費
B27: 共通仮設費
C28: 1
D29: 式
B30: 現場管理費
C31: 1 | E31: 共通仮設費 、現場経費、一般管理費等に区分して記載する。
D32: 式
B33: 一般管理費等
C34: 1
D35: 式
B36: 計
B42: 工事価格
C43: 1
D44: 式
B45: 消費税等相当額
C46: 1
D47: 式
B48: 工事費
C49: 1
D50: 式

Sheet C.工事種別内訳
B1: 工事種別内訳 | F1: =B.工事費内訳!$F$1+1 -> 2
B4: 名 称 | C4: 数 量 | D4: 単 位 | E4: 金 額 | F4: 備 考
B6: ステップ1 | F6: ステップ1 種目別内訳
B7: 改修工事 | C7: 1
D8: 式
B9: ステップ2 | F9: ステップ2 種目別内訳
B10: 解体工事 | C10: 1
D11: 式
B12: ステップ3 | F12: ステップ3 種目別内訳
B13: 新築工事 | C13: 1 | E13: ステップ区分表参照
D14: 式
B15: ステップ4 | F15: ステップ4 種目別内訳
B16: 解体工事 | C16: 1
D17: 式
B18: ステップ5 | F18: ステップ5 種目別内訳
B19: 外構工事 | C19: 1
D20: 式
B21: 計
B25: ※ステップ区分表の「ステップ」に合わせて記載する。

Sheet D.種目
B1: ステップ1 種目別内訳 | F1: ='C.工事種別内訳'!$F$1+1 -> 3
B4: 名 称 | C4: 数 量 | D4: 単 位 | E4: 金 額 | F4: 備 考
B6: 1-1
B7: 正源氏プラザ改修 | C7: 1
D8: 式
B9: 計
B13: ※ステップ区分表の「名称(建物等)」に合わせて記載する。
B52: ステップ2 種目別内訳 | F52: =$F1+1 -> 4
B55: 名 称 | C55: 数 量 | D55: 単 位 | E55: 金 額 | F55: 備 考
B57: 2-1
B58: (1)メイン特別観覧席 | C58: 1
D59: 式
B60: 2-2
B61: (2)メインスタンド、下記者席、実 | C61: 1
B62: 況放送室 | D62: 式
B63: 2-3
B64: (3)バックスタンド | C64: 1
D65: 式
B66: 2-4
B67: (3a)バック下特別観覧席 | C67: 1
D68: 式
B69: 2-5
B70: (3b)第5・6発券所 | C70: 1
D71: 式
B72: 2-6
B73: (4)選手宿舎付近電気室 | C73: 1
D74: 式
B75: 2-7
B76: (5)審判塔 | C76: 1
D77: 式
B78: 2-8
B79: (7)サイドスタンド（アザレア） | C79: 1
D80: 式
B81: 2-9
B82: (8)消防員詰所（倉庫） | C82: 1
D83: 式
B84: 2-10
B85: (9)選手宿舎 | C85: 1
D86: 式
B87: 2-11
B88: (10)新サイドスタンド・第2券売所 | C88: 1
D89: 式
B90: 2-12
B91: (11)休憩所（あずまや） | C91: 1
D92: 式
B93: 2-13
B94: (14)メインスタンド付近湯茶接待所 | C94: 1
D95: 式
B96: 2-14
B97: (15)選手宿舎入口警備詰所 | C97: 1
D98: 式
B99: 2-15
B100: (17)南門入場券売場 | C100: 1
D101: 式
B103: ステップ2 種目別内訳 | F103: =$F52+1 -> 5
B106: 名 称 | C106: 数 量 | D106: 単 位 | E106: 金 額 | F106: 備 考
B108: 2-16
B109: (19)敢闘門渡り廊下 | C109: 1
D110: 式
B111: 2-17
B112: (20)管理人宿直室 | C112: 1
D113: 式
B114: 2-18
B115: (21)サービスセンター （屋上発電 | C115: 1
B116: 機撤去） | D116: 式
B117: 2-19
B118: (33)旧正門横食堂 | C118: 1
D119: 式
B120: 2-20
B121: (34)正門エントランス | C121: 1
D122: 式
B123: 2-21
B124: (35)予想紙売場 | C124: 1
D125: 式
B126: 2-22
B127: (45)南門警備詰所 | C127: 1
D128: 式
B129: 2-23
B130: (46)旧正門プレハブ | C130: 1
D131: 式
B132: 2-24
B133: (47)サービスセンター付近清掃員詰 | C133: 1
B134: 所 | D134: 式
B135: 2-25
B136: (48)予想紙記者詰所 | C136: 1
D137: 式
B138: 2-26
B139: (58)サービスセンター旧第3支払所 | C139: 1
B140: 、連絡通路 | D140: 式
B141: 2-27
B142: (59)旧正門ゴミ置き場 | C142: 1
D143: 式
B144: 2-28
B145: (60)こども広場休憩所（テント屋根 | C145: 1
B146: ） | D146: 式
B147: 2-29
B148: (61)正門通路庇 | C148: 1
D149: 式
B150: 2-30
B151: (23)北門入場発券所 | C151: 1
...

Sheet E.科目
B1: ステップ1 科目別内訳 | F1: =D.種目!$F$307+1 -> 10
B2: 1-1正源氏プラザ改修
B4: 名 称 | C4: 数 量 | D4: 単 位 | E4: 金 額 | F4: 備 考
B7: ■工事内容が改修工事の場合
B9: 改修工事 | F9: 細目別内訳
C10: 1
D11: 式
B12: 計
B16: ※ステップ区分表より改修工事を区分し記載する。
B18: （参考）
B19: 正源氏プラザ改修
B53: ステップ2 科目別内訳 | F53: =$F1+1 -> 11
B54: 2-1(1)メイン特別観覧席
B56: 名 称 | C56: 数 量 | D56: 単 位 | E56: 金 額 | F56: 備 考
B59: ■工事内容が解体工事の場合
B61: 解体工事 | F61: 細目別内訳
C62: 1
D63: 式
B64: 計
B68: ※ステップ区分表より解体工事を区分し記載する。(ステップ2・ステップ4共通)
B70: (ステップ2） | C70: (ステップ2） | E70: （ステップ4）
B71: メイン特別観覧席 | C71: 指導員室 | E71: 集計センター前売発券所
B72: メインスタンド、下記者席、実況放送室 | C72: ローラー練習室 | E72: 旧集計センター
B73: バックスタンド | C73: 倉庫（旧浄化槽機械室） | E73: 無停電装置室
B74: バック下特別観覧席 | C74: 参道入口警備詰所 | E74: 選手用自転車置場
B75: 第5・6発券所 | C75: バスUターン警備詰所 | E75: 集計センター付近プレハブ倉庫
B76: 選手宿舎付近電気室 | C76: 大型映像装置 | E76: 地下道
B77: 審判塔 | C77: 大型機器撤去 | E77: 東門入場券売場・警備員詰所
B78: サイドスタンド（アザレア） | C78: アスベスト除去 | E78: 東門トイレ
B79: 消防員詰所（倉庫） | E79: 旧集計センター横トイレ
B80: 選手宿舎 | E80: 焼却炉（正源氏プラザ付近）
B81: 新サイドスタンド・第2券売所 | E81: 選手宿舎清掃員詰所
B82: 休憩所（あずまや） | E82: 大型機器撤去
B83: メインスタンド付近湯茶接待所 | E83: アスベスト除去
B84: 選手宿舎入口警備詰所
B85: 南門入場券売場
B86: 敢闘門渡り廊下
B87: 管理人宿直室
B88: サービスセンター
B89: 旧正門横食堂
B90: 正門エントランス
B91: 予想紙売場
B92: 南門警備詰所
B93: 旧正門プレハブ
B94: サービスセンター付近清掃員詰所
B95: 予想紙記者詰所
... B102: ベンチ上屋
B105: ステップ3 科目別内訳 | F105: =$F53+1 -> 12
B106: 3-1選手宿舎・管理棟
B108: 名 称 | C108: 数 量 | D108: 単 位 | E108: 金 額 | F108: 備 考
B111: ■工事内容が新築工事の場合
B113: 直接仮設 | F113: 細目別内訳
C114: 1
D115: 式
B116: 土工，杭 | F116: 細目別内訳
C117: 1
D118: 式
B119: 躯体 | F119: 細目別内訳
C120: 1
D121: 式
B122: 外部仕上 | F122: 細目別内訳
C123: 1
D124: 式
B125: 内部仕上 | F125: 細目別内訳
C126: 1
D127: 式
B128: 外構工事 | F128: 細目別内訳
C129: 1
D130: 式
B131: 電気設備 | F131: 細目別内訳
C132: 1
D133: 式
B134: 給排水設備 | F134: 細目別内訳
C135: 1
D136: 式
B137: 空調設備 | F137: 細目別内訳
C138: 1
D139: 式
B140: 昇降機設備 | F140: 細目別内訳
C141: 1
D142: 式
B143: 計
B147: ※各工種科目は設計図書に該当するもののみ計上し、必要のない科目は省略する。
B156: ステップ3 科目別内訳 | F156: =$F105+1 -> 13
B157: 3-2aメインスタンド棟
B159: 名 称 | C159: 数 量 | D159: 単 位 | E159: 金 額 | F159: 備 考
B162: ※3-1選手宿舎・管理棟 と同様の「科目」とする
B164: 直接仮設 | F164: 細目別内訳
C165: 1
D166: 式
B167: 土工，杭 | F167: 細目別内訳
C168: 1
D169: 式
B170: 躯体 | F170: 細目別内訳
C171: 1
D172: 式
B173: 外部仕上 | F173: 細目別内訳
C174: 1
D175: 式
B176: 内部仕上 | F176: 細目別内訳
...

Sheet F.細目別内訳
B1: ステップ1 細目別内訳 | H1: =E.科目!$F$208+1 -> 15
B2: 1-1正源氏プラザ改修 | D2: 改修工事
B4: 名 称 | C4: 摘 要 | D4: 数 量 | E4: 単 位 | F4: 単 価 | G4: 金 額 | H4: 備 考
B6: <1階食堂､厨房機
B7: 能改修>
B9: 仮設 | C9: 養生･足場･清掃
E11: ㎡
B12: 撤去 | C12: 天井
E14: ㎡
B15: 改修 | C15: 天井
E17: ㎡
B18: 改修 | C18: ｸﾘｰﾆﾝｸﾞ
E20: ㎡
B21: 改修 | C21: 電気設備
D22: 1
E23: 式
B24: 仮設 | C24: 仮設空調設備(ﾘｰｽ)
D25: 1
E26: 式
B27: <投票所機能改修､
B28: 投票所前ﾌｧﾝｴﾘｱ改
B29: 修>
B30: 仮設 | C30: 養生･足場･清掃
E32: ㎡
B33: 撤去 | C33: 天井
E35: ㎡
B36: 改修 | C36: 天井
E38: ㎡
B39: 改修 | C39: 床
E41: ㎡
B42: 改修 | C42: ｸﾘｰﾆﾝｸﾞ
E44: ㎡
B45: 改修 | C45: 電気設備
D46: 1
E47: 式
B48: 仮設 | C48: 仮設空調設備(ﾘｰｽ)
D49: 1
E50: 式
B52: ステップ1 細目別内訳 | H52: =$H1+1 -> 16
B53: 1-1正源氏プラザ改修 | D53: 改修工事
B55: 名 称 | C55: 摘 要 | D55: 数 量 | E55: 単 位 | F55: 単 価 | G55: 金 額 | H55: 備 考
B57: <客用便所改修>
B60: 仮設 | C60: 養生･足場･清掃
E62: ㎡
B63: 撤去 | C63: 取り合い部仕上
B64: 内装 | D64: 1
E65: 式
B66: 撤去
B67: 便器
E68: 台
B69: 改修 | C69: 取り合い部仕上
B70: 躯体 | D70: 1
E71: 式
B72: 改修
B73: 便器
E74: 台
B75: <屋上防水改修>
B78: 防水改修
E80: ㎡
B91: ※設計図書より該当する細目を追加、必要のない細目は省略する。
B94: ※原則、設計図書より数量を算出し計上すること。
B96: 計
B103: ステップ2 細目別内訳 | H103: =H52+1 -> 17
B104: 2-1(1)メイン特別観覧席 | D104: 解体工事
B106: 名 称 | C106: 摘 要 | D106: 数 量 | E106: 単 位 | F106: 単 価 | G106: 金 額 | H106: 備 考
B108: ＜直接仮設工事＞
B111: 外部足場
E113: ㎡
B114: 内部足場
E116: ㎡
B117: シート類
E119: ㎡
B120: 養生後片付け清掃費
E122: ㎡
B123: 小計
B126: ＜解体工事＞
B129: 鉄筋コンクリート解体 | C129: 基礎・上屋
E131: ｍ3
B132: 鉄骨鉄筋コンクリート解体
E134: ｍ3
B135: 鉄骨造解体
E137: ㎡
B138: 無筋コンクリート解体
E140: ｍ3
B141: ＣＢ積み等解体
E143: ㎡
B144: 内装材とりこわし
E146: ㎡
B147: 設備機器及び配管類
D148: 1
E149: 式
B154: ステップ2 細目別内訳 | H154: =$H103+1 -> 18
B155: 2-1(1)メイン特別観覧席 | D155: 解体工事
B157: 名 称 | C157: 摘 要 | D157: 数 量 | E157: 単 位 | F157: 単 価 | G157: 金 額 | H157: 備 考
B159: ＜発生材運搬処分＞
B162: 運搬
E164: ｍ3
B165: 処分
E167: ｍ3
B193: ※設計図書より該当する細目を追加、必要のない細目は省略する。
...

Sheet G.細目別内訳 (2)
B1: 共通費 細目別内訳 | H1: =F.細目別内訳!$H$818+1 -> 32
B2: 共通仮設費
B4: 名 称 | C4: 摘 要 | D4: 数 量 | E4: 単 位 | F4: 単 価 | G4: 金 額 | H4: 備 考
B9: 準備費
D10: 1
E11: 式
B12: 仮設建物
D13: 1
E14: 式
B15: 工事施設
D16: 1
E17: 式
B18: 機械器具
D19: 1
E20: 式
B21: 電力用水
D22: 1
E23: 式
B24: 環境安全
D25: 1
E26: 式
B27: 整理清掃
D28: 1
E29: 式
B30: 運 搬
D31: 1
E32: 式
B33: その他
D34: 1
E35: 式
B37: ※ステップ区分表の「ステップ」に合わせて記載する。
B40: ※原則、設計図書より数量を算出し計上すること。
B43: ※下記項目についても数量を計上すること。
B45: 仮囲い、工事ゲート
B46: 敷き鉄板、騒音振動計
B47: 交通誘導員、揚重機
B48: 計
B52: 共通費 細目別内訳 | H52: =$H1+1 -> 33
B53: 現場管理費
B55: 名 称 | C55: 摘 要 | D55: 数 量 | E55: 単 位 | F55: 単 価 | G55: 金 額 | H55: 備 考
B60: 現場管理費
D61: 1
E62: 式
B96: 計
B103: 共通費 細目別内訳 | H103: =$H52+1 -> 34
B104: 一般管理費等
B106: 名 称 | C106: 摘 要 | D106: 数 量 | E106: 単 位 | F106: 単 価 | G106: 金 額 | H106: 備 考
B111: 一般管理費等
D112: 1
E113: 式
B147: 計
